Map: Dusk Towers

Players

MorN

  • Race: Zerg Zerg
  • League: Master

Mariuslol - Winner!

  • Race: Protoss Protoss
  • League: Master

VOD

Have the link to the VOD?

Description

Time

  • Played on: Nov. 24, 2015, 2:22 a.m.
  • Length: 10:13
Show
View Real Time Build Order
Export as new Build Order

MorN Zerg 

Build Orders: Pool First 

Get SALT Encoding   

  12  0:05  Extractor  
  11  0:14  Drone  
  12  0:26  Spawning Pool  
  11  0:30  Drone  
  12  0:36  Drone  
  12  0:41  Drone  
  14  0:51  Overlord  
  14  1:14  Zergling x6  
  17  1:21  Metabolic Boost  
  17  1:28  Queen  
  19  1:36  Zergling x4  
  21  1:47  Overlord  
  21  2:09  Zergling x4  
  23  2:30  Hatchery, Zergling x4  
  24  2:38  Zergling x2  
  24  2:39  Zergling x4  
  27  2:53  Overlord  
  27  3:00  Queen  
  27  3:04  Drone  
  30  3:11  Overlord  
  30  3:13  Drone x2  
  30  3:16  Drone  
  28  3:45  Zergling x12  
  33  3:55  Zergling x4  
  31  4:11  Zergling x4  
  31  4:15  Zergling x2  
  31  4:16  Zergling x6  
  37  4:31  Hatchery  
  37  4:34  Drone x3  
  37  4:35  Drone  
  37  4:58  Zergling x14  
  37  4:59  Zergling x2  
  41  5:12  Zergling x2  
  41  5:13  Zergling x6  
  39  5:28  Drone x5  
  41  5:32  Queen  
  44  5:42  Zergling x2  
  44  5:43  Zergling x4  
  44  5:45  Drone  
  46  5:53  Zergling x6  
  46  5:54  Zergling x4  
  44  6:08  Drone x3  
  45  6:17  Drone x2  
  45  6:22  Roach Warren  
  44  6:30  Drone x2  
  44  6:32  Drone  
  47  6:34  Drone x2  
  49  6:44  Drone  
  49  6:45  Drone x7  
  57  7:00  Overlord x3  
  57  7:07  Drone x2  
  57  7:15  Drone, Extractor x2  
  57  7:16  Drone, Extractor  
  57  7:19  Drone x3  
  57  7:22  Drone  
  60  7:31  Lair  
  60  7:33  Roach  
  60  7:36  Drone x2  
  60  7:37  Drone x8  
  66  7:38  Drone  
  66  7:39  Overlord  
  73  7:47  Drone x2  
  73  7:48  Drone  
  76  8:03  Extractor  
  76  8:04  Extractor  
  74  8:08  Hatchery  
  73  8:20  Queen  
  73  8:21  Overlord x2  
  73  8:25  Drone x2  
  73  8:26  Drone x2  
  79  8:27  Evolution Chamber x2  
  79  8:30  Glial Reconstitution  
  79  8:34  Drone  
  77  8:35  Hydralisk Den  
  77  8:36  Roach  
  77  8:37  Roach x6  
  77  8:39  Overlord x2  
  77  8:41  Roach x7  
  103  8:50  Roach  
  103  8:52  Spine Crawler x2  
  103  9:02  Roach x2  
  107  9:09  Roach x2  
  111  9:23  Overlord x2  
  111  9:25  Roach x2  
  111  9:26  Roach x2  
  119  9:43  Roach  
  119  9:44  Roach x7  
  130  9:53  Roach x3  
  130  9:55  Overlord x2  
Show
View Real Time Build Order
Export as new Build Order

Mariuslol Protoss - Winner!

Build Orders: Nexus First 

Get SALT Encoding   

  12  0:01  Probe (Chrono Boost)  
  13  0:11  Probe (Chrono Boost)  
  14  0:18  Pylon  
  14  0:22  Probe (Chrono Boost)  
  15  0:37  Probe (Chrono Boost)  
  16  0:47  Probe (Chrono Boost)  
  17  0:59  Nexus  
  17  1:08  Gateway  
  18  1:11  Probe (Chrono Boost)  
  18  1:20  Assimilator  
  18  1:22  Probe (Chrono Boost)  
  18  1:24  Assimilator  
  19  1:32  Probe (Chrono Boost)  
  20  1:39  Pylon  
  20  1:44  Probe (Chrono Boost)  
  21  1:55  Probe (Chrono Boost)  
  21  1:58  Cybernetics Core  
  22  2:08  Gateway  
  22  2:12  Probe x2 (Chrono Boost)  
  25  2:23  Probe x2 (Chrono Boost)  
  26  2:33  Probe x2 (Chrono Boost)  
  26  2:35  Adept, Warp Gate (Chrono Boost)  
  33  2:44  Mothership Core (Chrono Boost), Probe (Chrono Boost)  
  33  2:52  Pylon  
  33  2:54  Probe (Chrono Boost)  
  33  2:57  Adept (Chrono Boost)  
  36  3:02  Probe (Chrono Boost)  
  37  3:05  Probe (Chrono Boost)  
  38  3:12  Gateway  
  38  3:13  Probe (Chrono Boost)  
  38  3:15  Adept (Chrono Boost)  
  38  3:16  Probe  
  42  3:21  Pylon  
  42  3:24  Probe  
  43  3:42  Probe  
  43  3:44  Probe  
  43  3:47  Pylon  
  45  3:52  Gateway  
  43  4:01  Pylon  
  43  4:02  Gateway, Probe  
  43  4:03  Probe  
  43  4:13  Probe  
  43  4:15  Probe  
  43  4:20  Pylon  
  43  4:25  Probe  
  43  4:28  Probe  
  43  4:29  Assimilator  
  43  4:30  Assimilator  
  44  4:32  Adept  
  44  4:35  Probe  
  47  4:38  Pylon  
  47  4:46  Pylon  
  45  4:58  Pylon  
  45  5:02  Sentry  
  45  5:03  Adept  
  45  5:04  Probe  
  45  5:06  Probe  
  51  5:15  Probe  
  51  5:18  Probe  
  52  5:25  Probe  
  52  5:27  Adept x3, Pylon  
  59  5:30  Probe  
  60  5:36  Probe  
  60  5:41  Pylon  
  60  5:42  Probe, Twilight Council  
  61  5:46  Probe  
  62  5:54  Probe  
  63  5:58  Adept x3  
  65  6:12  Blink  
  65  6:18  Pylon  
  65  6:21  Pylon  
  65  6:23  Pylon x2  
  65  6:24  Adept x3  
  71  6:30  Nexus  
  71  6:32  Pylon  
  71  6:34  Pylon  
  71  6:44  Forge  
  71  6:46  Stalker x3  
  77  6:51  Gateway  
  77  6:52  Probe  
  77  6:54  Probe  
  79  6:57  Gateway  
  79  7:02  Gateway  
  79  7:03  Probe  
  79  7:06  Probe  
  81  7:09  Gateway  
  81  7:13  Probe  
  82  7:18  Probe  
  82  7:20  Gateway  
  83  7:25  Protoss Ground Weapons Level 1 (Chrono Boost)  
  83  7:26  Gateway  
  83  7:30  Sentry x3  
  89  7:38  Assimilator  
  89  7:45  Assimilator  
  89  7:52  Probe  
  89  7:53  Probe x2  
  92  8:00  Resonating Glaives, Robotics Facility  
  92  8:03  Probe  
  92  8:05  Sentry, Probe  
  95  8:06  Sentry x3, Probe  
  103  8:13  Probe  
  103  8:17  Stalker x2  
  103  8:18  Probe x2  
  110  8:24  Probe  
  111  8:28  Stalker x2  
  111  8:29  Stalker  
  116  8:34  Photon Cannon  
  116  8:40  Photon Cannon  
  116  8:43  Photon Cannon  
  116  8:50  Stalker x2  
  116  8:51  Stalker  
  122  8:56  Warp Prism  
  122  8:58  Pylon  
  124  9:08  Pylon  
  124  9:16  Stalker x6  
  136  9:22  Pylon  
  136  9:29  Pylon  
  136  9:52  Stalker x4  
  140  9:53  Stalker x5  
Tags
 
Add a new tag
Caveats
  • Supply blocks, unpowered buildings, or Contaminate may cause inaccurate times.
  • Supply counts are checked every 10 seconds.